 Dungeon Crawl Stone Soup version 0.22.0-32-gbc6daba (console) character file.

9 removed the Magician (level 2, -2/22 HPs)
             Began as a Deep Dwarf Wizard on Aug 23, 2018.
             Killed from afar by a dart slug (7 damage)
             ... with a slug dart
             ... on level 1 of the Dungeon.
             The game lasted 00:00:58 (567 turns).

removed the Magician (Deep Dwarf Wizard)             Turns: 567, Time: 00:00:59

Health: -2/22      AC:  2    Str: 10    XL:     2   Next: 3%
Magic:  1/5        EV: 12    Int: 18    God:
Gold:   8          SH:  0    Dex: 11    Spells: 5/6 levels left

rFire    . . .     SeeInvis .   (no weapon)
rCold    . . .     Gourm    .   (no shield)
rNeg     . . .     Faith    .   a - +0 robe
rPois    .         Spirit   .   b - +0 hat
rElec    .         Reflect  .   (no cloak)
rCorr    .         Harm     .   (no gloves)
MR       .....                  (no boots)
Stlth    ++........             (no amulet)
HPRegen  0.00/turn              (no ring)
MPRegen  0.09/turn              (no ring)

@: non-regenerating
A: damage resistance, heal wounds, sense surroundings 1, no regeneration
a: Heal Wounds


You were on level 1 of the Dungeon.
You were not hungry.

You visited 1 branch of the dungeon, and saw 1 of its levels.

You collected 8 gold pieces.

Inventory:

Armour
 a - a +0 robe (worn)
 b - a +0 hat (worn)
Scrolls
 f - a scroll of identify {unknown}
 h - a scroll of amnesia {unknown}
 j - a scroll of random uselessness {unknown}
Potions
 e - a potion of haste {unknown}
 i - a potion of might {unknown}
 k - a potion of resistance {unknown}
Comestibles
 d - a ration


   Skills:
 - Level 2.1 Dodging
 - Level 2.4 Stealth
 - Level 2.6 Spellcasting
 + Level 1.9 Conjurations
   Level 0.8 Summonings
   Level 1.1 Translocations


You had 5 spell levels left.
You knew the following spells:

 Your Spells              Type           Power        Failure   Level  Hunger
a - Magic Dart            Conj           #...         8%          1    #......

Your spell library contained the following spells:

 Spells                   Type           Power        Failure   Level  Hunger
 Blink                    Tloc           N/A          16%         2    ##.....
 Call Imp                 Summ           #.......     19%         2    ##.....
 Slow                     Hex            #.......     26%         2    ##.....
 Conjure Flame            Conj/Fire      #.......     34%         3    ###....
 Mephitic Cloud           Conj/Pois/Air  #.......     36%         3    ###....


Dungeon Overview and Level Annotations

Branches:
Dungeon (1/15)

Altars:


Innate Abilities, Weirdness & Mutations

You are resistant to damage.
You can heal yourself by infusing magical energy.
You passively map a small area around you.
You do not regenerate.


Message History

Casting: Magic Dart (safe; 8% risk of failure)
Confirm with . or Enter, or press ? or * to list all spells.
Aiming: Magic Dart (safe; 8% risk of failure)
Press: ? - help, Shift-Dir - straight line, f/p - dart slug
Aim: a dart slug (moderately wounded, clinging)
The magic dart hits the dart slug.
The dart slug is severely wounded.
Casting: Magic Dart (safe; 8% risk of failure)
Confirm with . or Enter, or press ? or * to list all spells.
Aiming: Magic Dart (safe; 8% risk of failure)
Press: ? - help, Shift-Dir - straight line, f/p - dart slug
Aim: a dart slug (severely wounded, clinging)
The magic dart hits the dart slug.
The dart slug is almost dead.
The dart slug launches a dart at you. The slug dart hits you!
* * * LOW HITPOINT WARNING * * *
The dart slug launches a dart at you. The slug dart hits you!
You die...

#.. *, ..#* * * # # * *.# *
..* .#. .# #.* ** #.#* * .#
####w#### #.# ##.##
........# #.# #...#
####.##.# #.# #.#.# * #.
#.#####.######...#
#.##....w....@.....#
#..........#######.#########
#########..# #.........#
#.>#######.#######.# *
#..........# #.# **
##.######### #.# ,
#.........# #.# #.
#########.# #.# #. #.# #.#


You could see a dart slug.

Vanquished Creatures
  A dart slug (D:1)
  A giant cockroach (D:1)
  2 goblins (D:1)
  A hobgoblin (D:1)
  A frilled lizard (D:1)
6 creatures vanquished.

Notes
Turn   | Place    | Note
-------+----------+-------------------------------------------
     0 | D:1      | removed the Deep Dwarf Wizard began the quest for the Orb.
     0 | D:1      | Reached XP level 1. HP: 15/15 MP: 4/4
    46 | D:1      | Reached skill level 1 in Conjurations
   356 | D:1      | Reached XP level 2. HP: 14/22 MP: 0/5
   567 | D:1      | Killed from afar by a dart slug

Skill      XL: |  1 |
---------------+----+-----
Conjurations   | 1 |  1.9
Dodging        | |  2.1
Stealth        | |  2.4
Spellcasting   | |  2.6
Summonings     | |  0.8
Translocations | |  1.1

Action                   || total
-------------------------++-------
Melee: Unarmed           ||     6
 Cast: Magic Dart        ||    33
Armor: Robe              ||     1
Dodge: Dodged            ||     6
